 Dungeon Crawl Stone Soup version 0.29-a0-322-g68df515428 (webtiles) character file.

Game seed: 4871643518804419563

1946 jlumianski the Chopper (level 8, -11/64 HPs)
             Began as a Demonspawn Fighter on Apr 8, 2022.
             Was a Believer of Okawaru.
             Shot with a sling bullet by Joseph (16 damage)
             ... on level 7 of the Dungeon.
             The game lasted 00:30:55 (8887 turns).

jlumianski the Chopper (Demonspawn Fighter)         Turns: 8887, Time: 00:30:55

Health: -11/64     AC: 10    Str: 18    XL:     8   Next: 98%
Magic:  7/8        EV:  7    Int: 10    God:    Okawaru [**....]
Gold:   257        SH:  5    Dex: 13    Spells: 7/7 levels left

rFire   . . .      SeeInvis .   a - +1 war axe
rCold   . . .      Faith    .   c - +0 buckler
rNeg    . . .      Spirit   .   g - +0 chain mail
rPois   .          Reflect  .   (helmet unavailable)
rElec   .          Harm     .   (no cloak)
rCorr   .          Rampage  .   (no gloves)
Will    .....                   (no boots)
Stlth   ..........              (no amulet)
HPRegen 0.20/turn               (no ring)
MPRegen 0.11/turn               (no ring)

@: about to teleport
A: horns 3, powered by pain 1, spiny 2
a: Renounce Religion, Heroism


You were on level 7 of the Dungeon.
You worshipped Okawaru.
Okawaru was pleased with you.
You visited 2 branches of the dungeon, and saw 8 of its levels.

You collected 257 gold pieces.

Inventory:

Hand Weapons
 a - a +1 war axe (weapon)
 e - a +0 flail of venom
 i - a +0 hunting sling of flaming
 k - a +1 trident of flaming
 o - a +3 short sword
Missiles
 f - 247 stones
 r - 5 boomerangs (quivered)
Armour
 b - a +0 scale mail
 c - a +0 buckler (worn)
 g - a +0 chain mail (worn)
 w - the +4 robe of Augmentation {Str+4 Int+4 Dex+4}
   (You found it on level 5 of the Dungeon)

   Str:       It affects your strength (+4).
   Int:       It affects your intelligence (+4).
   Dex:       It affects your dexterity (+4).
Wands
 v - a wand of polymorph (7)
 y - a wand of flame (11)
Scrolls
 d - 2 scrolls of vulnerability
 h - 3 scrolls of immolation
 l - 3 scrolls of amnesia
 s - a scroll of teleportation
Potions
 j - a potion of invisibility
 m - a potion of mutation
 n - a potion of attraction
 p - 2 potions of might
 q - 3 potions of curing
 t - a potion of brilliance
 u - 2 potions of degeneration
 z - a potion of berserk rage {unknown}


   Skills:
 + Level 5.8 Fighting
 + Level 6.8 Axes
 + Level 1.4 Slings
 + Level 0.3(1.0) Throwing
 + Level 6.1 Armour
 + Level 1.5 Dodging
 + Level 2.1 Stealth
 + Level 3.7 Shields
 + Level 0.2 Invocations


You had 7 spell levels left.
You didn't know any spells.
Your spell library contained the following spells:

 Spells                   Type           Power      Damage    Failure   Level
 Apportation              Tloc           0%         N/A       99%         1
 Magic Dart               Conj           0%         1d3       99%         1
 Slow                     Hex            0%         N/A       99%         1
 Static Discharge         Conj/Air       0%         N/A       100%        2
 Sublimation of Blood     Necr           0%         N/A       100%        2
 Wereblood                Tmut           0%         N/A       100%        2
 Confusing Touch          Hex            0%         N/A       100%        3
 Dazzling Flash           Conj/Hex       0%         N/A       100%        3
 Mephitic Cloud           Conj/Pois/Air  0%         N/A       100%        3
 Vampiric Draining        Necr           0%         2d6       100%        3
 Petrify                  Tmut/Erth      0%         N/A       100%        4
 Agony                    Necr           0%         N/A       100%        5
 Freezing Cloud           Conj/Ice/Air   0%         6-21      100%        5
 Metabolic Englaciation   Hex/Ice        0%         N/A       100%        5
 Silence                  Hex/Air        0%         N/A       100%        5
 Statue Form              Tmut/Erth      0%         N/A       100%        6
 Chain Lightning          Conj/Air       0%         N/A       100%        9
 Animate Skeleton         Necr           Unusable   N/A       N/A         1
 Summon Small Mammal      Summ           Unusable   N/A       N/A         1
 Call Imp                 Summ           Unusable   N/A       N/A         2
 Summon Hydra             Summ           Unusable   N/A       N/A         7

Dungeon Overview and Level Annotations

Branches:
Dungeon (7/15)             Temple (1/1) D:4

Altars:
Ashenzari
Cheibriados
Fedhas
Gozag
Hepliaklqana
Nemelex Xobeh
Okawaru
Qazlal
Ru
Sif Muna
Trog
Uskayaw
Vehumet
Xom
Zin
The Shining One

Shops:
D:1 ([[

Annotations:
D:7 Joseph


Innate Abilities, Weirdness & Mutations

You have a pair of large horns on your head.
You sometimes gain a little power by taking damage.
You are mostly covered in sharp spines.


Message History

The orc warrior is almost dead.
The orc priest calls down the wrath of Beogh upon you.
Beogh smites you!
* * * LOW HITPOINT WARNING * * *
The orc warrior barely misses you.
You hear a shout!
Okay, then.
Unknown command.
Okay, then.
You feel better.
You hear a shout!
The orc warrior is struck by your spines.
You kill the orc warrior!
Okawaru accepts your kill.
You hear a shout!
You block the orc priest's attack.
You slice the orc priest!!
You kill the orc priest!
Okawaru accepts your kill.
An orc comes into view. It is wielding a +0 dagger of freezing.
The orc wizard mumbles some strange words.
The orc wizard flickers and vanishes!
Deactivating autopickup; reactivate with Ctrl-A.
You feel like a meek peon again.
An orc comes into view. It is wielding a +0 hand axe.
The orc shouts!
You hear a shout! x2
Joseph, a Mercenary comes into view.
He is wielding a +0 quarterstaff.
You hear a shout! 2 wights and 3 orcs come into view.
The orc shouts! x2; You hear a shout!
Joseph unwields a +0 quarterstaff.
Joseph wields a +0 hunting sling.
Joseph shoots a sling bullet.
The sling bullet hits you.
* * * LOW HITPOINT WARNING * * *
An orc comes into view. It is wielding a +0 hand axe.
The wight moves out of view.
The orc moves out of view.
As you read the scroll of teleportation, it crumbles to dust.
You feel strangely unstable.
A wight comes into view. It is wielding a +0 battleaxe.
Joseph shoots a sling bullet.
The sling bullet hits you!
You die...

....########
#...#..o...#
#...#.####.#
#...#.# #@# #
#...#o##....oo.oz.
##
#...#.##@#.##z.z..
.######...#o##o#.#
....
...........o?....#
#.#
.........)...)...#
.
.................#
.####.......######
.# #.#...#.#


You could see Joseph, 3 wights and 4 orcs.

Vanquished Creatures
  A steam dragon (D:6)
  A water moccasin (D:6)
  An orc warrior (D:7)
  A sky beast (D:7)
  An ogre (D:5)
  A centaur (D:5)
  A phantom (D:6)
  A bullfrog (D:6)
  A necrophage (D:5)
  7 scorpions
  A howler monkey (D:6)
  6 orc priests
  Ijyb (D:5)
  5 iguanas
  6 orc wizards
  Robin (D:3)
  13 adders
  2 ufetubi
  3 worms
  A dart slug (D:2)
  19 orcs
  7 endoplasms
  5 giant cockroaches
  18 goblins
  7 hobgoblins
  4 quokkas
  4 ball pythons
  8 bats
  5 frilled lizards
  8 kobolds
  7 rats
  A butterfly (D:5)
148 creatures vanquished.

Vanquished Creatures (others)
  An orc (D:6)
  2 plants (D:2)
3 creatures vanquished.

Grand Total: 151 creatures vanquished

Notes
Turn   | Place    | Note
-------+----------+-------------------------------------------
     0 | D:1      | jlumianski the Demonspawn Fighter began the quest for the
                  | Orb.
     0 | D:1      | Reached XP level 1. HP: 18/18 MP: 1/1
   250 | D:1      | Gained mutation: You have a pair of small horns on your
                  | head. [demonic ancestry]
   250 | D:1      | Reached XP level 2. HP: 19/24 MP: 2/2
   401 | D:1      | Found a faded altar of an unknown god.
   516 | D:1      | Found Jegiumn's Antique Armour Boutique.
   547 | D:2      | Gained mutation: You have a pair of horns on your head.
                  | [demonic ancestry]
   547 | D:2      | Reached XP level 3. HP: 4/29 MP: 3/3
   933 | D:1      | Found Woafurea's Antique Armour Shoppe.
  1154 | D:1      | Found Eceutob's Weapon Shoppe.
  1568 | D:2      | Reached XP level 4. HP: 29/37 MP: 4/4
  1584 | D:2      | Got the Almanac of Air
  2633 | D:3      | Noticed Robin
  3045 | D:3      | Killed Robin
  3139 | D:5      | Entered Level 5 of the Dungeon
  3181 | D:4      | Gained mutation: You are partially covered in sharp spines.
                  | [demonic ancestry]
  3181 | D:4      | Reached XP level 5. HP: 24/42 MP: 5/5
  3671 | D:4      | Reached skill level 1 in Slings
  3922 | D:4      | Gained mutation: You are mostly covered in sharp spines.
                  | [demonic ancestry]
  3922 | D:4      | Reached XP level 6. HP: 41/49 MP: 6/6
  4246 | D:4      | Found a staircase to the Ecumenical Temple.
  4269 | Temple   | Entered the Ecumenical Temple
  4364 | Temple   | Became a worshipper of Warmaster Okawaru
  6089 | D:4      | Reached skill level 1 in Stealth
  6089 | D:4      | Gained mutation: You have a pair of large horns on your
                  | head. [demonic ancestry]
  6089 | D:4      | Reached XP level 7. HP: 38/55 MP: 7/7
  6505 | D:5      | Noticed Ijyb
  6530 | D:5      | Killed Ijyb
  6673 | D:5      | Reached * piety under Okawaru
  6921 | D:6      | Noticed a steam dragon
  7063 | D:5      | Found a runed translucent door.
  7066 | D:5      | Found a runed translucent door.
  7133 | D:5      | Reached skill level 1 in Dodging
  7183 | D:5      | Found the +4 robe of Augmentation {Str+4 Int+4 Dex+4}
  7591 | D:5      | Reached skill level 5 in Fighting
  7591 | D:5      | Reached skill level 5 in Axes
  7593 | D:5      | Reached skill level 5 in Armour
  7593 | D:5      | Gained mutation: You sometimes gain a little power by
                  | taking damage. [demonic ancestry]
  7593 | D:5      | Reached XP level 8. HP: 22/62 MP: 5/8
  8108 | D:6      | Reached ** piety under Okawaru
  8875 | D:7      | HP: 1/64 [orc priest/divine providence (14)]
  8885 | D:7      | Noticed Joseph
  8887 | D:7      | Shot with a sling bullet by Joseph

Illustrated notes

Levels and vault maps discovered:
D:1:      ebering_trefoil_3fold, layout_basic, serial_shops,
          nicolae_lakefront_shop, shop, nicolae_lakefront_shop,
          hellmonk_ecumenical_altar_blasted
D:2:      wad_lake_hut, layout_basic
D:3:      layout_basic, uniq_robin
D:4:      layout_basic, minmay_temple_entry_junction
D:5:      lemuel_insect_pit, layout_basic, roderic_serpentine_path,
          feat_on_display, uniq_ijyb
D:6:      layout_basic, lemuel_round_altar, st_stairs_12
D:7:      layout_loops_cross, uniq_joseph, uniq_menkaure
Temple:   eino_temple_scatter_basement

Skill      XL: |  1  2  3  4  5  6  7  8 |
---------------+-------------------------+-----
Axes           | 2 3 4 5 6 |  6.8
Armour         | 3 4 5 6 |  6.1
Shields        | 3 |  3.7
Fighting       | 4 5 |  5.8
Slings         | 1 |  1.4
Stealth        | 1 2 |  2.1
Dodging        | 1 |  1.5
Throwing       | |  0.3
Invocations    | |  0.2

Action                   |  1- 3 |  4- 6 |  7- 9 || total
-------------------------+-------+-------+-------++-------
Melee: War axe           |    88 |   150 |   101 ||   339
       Headbutt          |     7 |    26 |    18 ||    51
 Fire: Hunting sling     |     9 |    26 |       ||    35
Throw: Stone             |     6 |       |       ||     6
       Boomerang         |       |       |     4 ||     4
Invok: Heroism           |       |       |     2 ||     2
  Use: Potion            |     1 |     1 |     3 ||     5
       Scroll            |       |     8 |     4 ||    12
Armor: Scale mail        |    51 |    36 |       ||    87
       Chain mail        |       |    42 |    57 ||    99
       Skin              |       |       |    13 ||    13
Dodge: Dodged            |    52 |    65 |    44 ||   161
Block: Buckler           |    41 |    28 |    29 ||    98

Table legend: (Time is in decaauts)
 A = Elapsed time spent in this place.
 B = Non-inter-level travel time spent in this place.
 C = Inter-level travel time spent in this place.
 D = Time resting spent in this place.
 E = Time spent auto-exploring this place.
 F = Levels seen in this place.
 G = Mean time per level.
                   A        B        C        D        E       F      G
               +--------+--------+--------+--------+--------+-----+--------+
         Total |   9082 |   8967 |    115 |   1978 |   4486 |   8 | 1135.2 |
       Dungeon |   8963 |   8848 |    115 |   1978 |   4485 |   7 | 1280.4 |
        Temple |    119 |    119 |      0 |      0 |      1 |   1 |  119.0 |
               +--------+--------+--------+--------+--------+-----+--------+

Top non-repeatable levels by time:
     D:4: 1997 daAuts
     D:5: 1970 daAuts
     D:2: 1758 daAuts
     D:1: 1134 daAuts
     D:6: 1043 daAuts
     D:3: 983 daAuts
  Temple: 119 daAuts
     D:7: 74 daAuts
